AoeStats
← ManuS

Arabia

508107431Analyzed
2v2 RM · 13d ago on Sep 20, 2026· 31m 16s· 4 players
Game mode
Random Map
Map size
Medium (4 player)
Population
200
Speed
Normal
Resources
Standard
Victory
Conquest
Starting age
Dark Age
Ending age
Imperial Age
RankedLock teamsTeams togetherTeam positionsShared explorationLock speedFull tech treeHidden civsTurbo modeCheats
Victory
Defeat
🇦🇷 Tupi · Argentina
1141
+13
🇦🇷 Goths · Argentina
1108
+14
🇦🇺 Bulgarians · Australia
1087
-14
🇦🇷 Franks · Argentina
1059
-13
CHUPA <AUS>
0:48 Loom
11:58 Feudal Age
15:46 Forging
15:37 Scale Mail Armor
17:03 Arson
18:00 Horse Collar
26:08 Castle Age
27:28 Squires
27:15 Gambesons
ManuS
6:08 Loom
9:17 Feudal Age
10:32 Double-Bit Axe
18:45 Fletching
19:53 Padded Archer Armor
23:16 Castle Age
24:28 Bodkin Arrow
26:16 Scale Barding Armor
27:33 Gold Mining
El Loco Blanco
7:06 Loom
10:12 Feudal Age
15:04 Castle Age
17:12 Fletching
19:38 Double-Bit Axe
25:11 Bodkin Arrow
Mono4505
2:33 Loom
11:30 Feudal Age
11:39 Man-at-Arms
12:11 Double-Bit Axe
14:35 Horse Collar
15:12 Forging
17:10 Wheelbarrow
19:20 Scale Mail Armor
23:58 Castle Age
24:23 Long Swordsman
25:05 Squires
26:44 Iron Casting
27:11 Gold Mining
27:12 Stone Mining
29:45 Chain Mail Armor
Connection lost

Rejoining the realm…

Still unreachable

The connection could not be restored.

Session expired

The server has moved on; the page needs a fresh start.